 Dungeon Crawl Stone Soup version 0.17.0-56-gd8de76c (webtiles) character file.

342 HandofTrog the Covered (level 6, -1/56 HPs)
             Began as a Deep Dwarf Fighter on Dec 5, 2015.
             Slain by Pikel
             ... wielding a +0 whip of electrocution
              (16 damage)
             ... on level 4 of the Dungeon.
             The game lasted 00:07:43 (2244 turns).

HandofTrog the Covered (Deep Dwarf Fighter)         Turns: 2244, Time: 00:07:44

Health: -1/56      AC: 12    Str: 20    XL:     6   Next: 30%
Magic:  8/8        EV:  4    Int: 10    God:
Gold:   117        SH: 11    Dex: 12    Spells: 0 memorised, 5 levels left

rFire  . . .     SeeInvis .     a - +0 war axe
rCold  . . .     Clarity  .     p - +0 plate armour
rNeg   . . .     SustAt   .     c - +1 shield
rPois  .         Gourm    .     (no helmet)
rElec  .         Spirit   .     (no cloak)
rCorr  .         Warding  .     (no gloves)
rMut   .         Stasis   .     (no boots)
MR     .....                    r - amulet of faith
Stlth  ..........               (no ring)
                                (no ring)

@: non-regenerating, not resistant to hostile enchantments, extremely unstealthy
A: damage resistance, recharge devices, sense surroundings 1, slow regeneration
3
a: Device Recharging


You were on level 4 of the Dungeon.
You were not hungry.

You visited 1 branch of the dungeon, and saw 4 of its levels.

You collected 117 gold pieces.

Inventory:

Hand Weapons
 a - a +0 war axe (weapon)
Armour
 b - a +0 scale mail
 c - a +1 shield (worn)
 p - a +0 plate armour (worn)
Jewellery
 r - an amulet of faith (around neck)
Wands
 e - a wand of heal wounds (0)
Scrolls
 g - a scroll of remove curse
 l - 2 scrolls of immolation
 n - a scroll of teleportation
Potions
 d - a potion of might
 h - a potion of resistance
 i - 2 potions of cancellation
 m - a potion of magic
 o - a potion of degeneration
Comestibles
 f - a bread ration
 j - a meat ration
 k - 3 chunks of flesh
 q - a beef jerky


   Skills:
 + Level 3.6 Fighting
 + Level 3.9 Axes
 + Level 4.7 Armour
 + Level 4.7 Shields
 + Level 2.9 Evocations


You had 5 spell levels left.
You didn't know any spells.

Dungeon Overview and Level Annotations

Branches:
Dungeon (4/15)
 Temple: D:4-7

Altars:
Nemelex Xobeh
Ru

Annotations:
D:4 Pikel


Innate Abilities, Weirdness & Mutations

You are resistant to damage.
You can recharge devices by infusing magical energy.
You passively map a small area around you.
You do not regenerate naturally.


Message History

The slave is severely wounded.
Your shield and plate armour prevent you from hitting the slave.
The slave is moderately wounded.
The slave hits you.
* * * LOW HITPOINT WARNING * * *
The slave hits you but does no damage. x2
You hit Pikel but do no damage. You hit the slave but do no damage.
The slave is severely wounded.
You hit the slave but do no damage.
The slave is moderately wounded.
You block Pikel's attack. The slave hits you but does no damage.
You block the slave's attack.
Unknown command.
Your plate armour prevents you from hitting Pikel.
You hit the slave.
The slave is severely wounded.
You hit the slave.
The slave is moderately wounded.
Pikel hits you but does no damage.
You are electrocuted!
You die...

, * * * , , *
##* , * *?. .
, * ..###. *
....#.### * *
* * ......pp#
*#.....#@#,
,#...#K#, *
#.#...# * *
#....<# ,
#...........#
*
########....#
** ,, , ,
...%, * *,
..# .# *


You could see Pikel and 2 slaves.

Vanquished Creatures
  The ghost of MordorOrchid the Insei, an amateur OpTm (D:3)
  An orc priest (D:3)
  An iguana (D:4)
  8 adders
  An ooze (D:2)
  4 worms (D:2)
  2 giant geckos (D:1)
  3 orcs (D:3)
  4 ball pythons
  4 bats
  7 goblins
  10 hobgoblins
  4 jackals (D:3)
  A quokka (D:2)
  7 giant cockroaches (D:1)
  4 giant newts
  6 kobolds
  5 rats
73 creatures vanquished.

Notes
Turn   | Place    | Note
--------------------------------------------------------------
     0 | D:1      | HandofTrog the Deep Dwarf Fighter began the quest for the Orb.
     0 | D:1      | Reached XP level 1. HP: 20/20 MP: 1/1
   134 | D:1      | Reached XP level 2. HP: 20/27 MP: 2/2
   393 | D:1      | Reached XP level 3. HP: 33/33 MP: 3/3
   993 | D:2      | Reached XP level 4. HP: 28/42 MP: 4/4
  1232 | D:2      | Reached skill level 1 in Evocations
  1310 | D:2      | Reached skill level 4 in Shields
  1734 | D:3      | Found a sacrificial altar of Ru.
  1760 | D:3      | Reached XP level 5. HP: 33/49 MP: 6/6
  1938 | D:3      | Found a sparkling altar of Nemelex Xobeh.
  2106 | D:3      | Noticed MordorOrchid's ghost (amateur OpTm)
  2125 | D:3      | Killed MordorOrchid's ghost
  2125 | D:3      | Reached XP level 6. HP: 46/56 MP: 6/8
  2219 | D:4      | Noticed Pikel
  2244 | D:4      | Slain by Pikel

Action                   |  1- 3 |  4- 6 || total
-------------------------+-------+-------++-------
Melee: War axe           |   122 |   168 ||   290
Evoke: Wand              |     1 |     4 ||     5
  Use: Scroll            |       |     9 ||     9
  Eat: Chunk             |       |     5 ||     5
